 Dungeon Crawl Stone Soup version 0.27-a0-1431-gcffa5a9b16 (webtiles) character file.

Game seed: 2247727274417988691

50 juan097 the Conjurer (level 3, -3/16 HPs)
             Began as a Vine Stalker Conjurer on July 3, 2021.
             Was a Follower of Sif Muna.
             Killed from afar by an orc wizard (7 damage)
             ... with a magic dart
             ... on level 3 of the Dungeon.
             The game lasted 00:05:16 (2280 turns).

juan097 the Conjurer (Vine Stalker Conjurer)        Turns: 2280, Time: 00:05:17

Health: -3/16      AC:  2    Str:  9    XL:     3   Next: 79%
Magic:  0/8        EV: 12    Int: 19    God:    Sif Muna [*.....]
Gold:   87         SH:  0    Dex: 12    Spells: 1/7 levels left

rFire    . . .     SeeInvis .   a - +3 dagger
rCold    . . .     Faith    .   (no shield)
rNeg     . . .     Spirit   +   c - +0 robe
rPois    .         Reflect  .   (no helmet)
rElec    .         Harm     .   (no cloak)
rCorr    .         Rampage  .   (no gloves)
Will     .....                  (no boots)
Stlth    ++........             (no amulet)
HPRegen  0.05/turn              (no ring)
MPRegen  0.11/turn              (no ring)

@: no status effects
A: fangs 2, magic shield, antimagic bite, no potion heal 2
a: Renounce Religion, Channel Magic


You were on level 3 of the Dungeon.
You worshipped Sif Muna.
Sif Muna was aware of your devotion.
You visited 1 branch of the dungeon, and saw 3 of its levels.

You collected 99 gold pieces.
You spent 12 gold pieces at shops.

Inventory:

Hand Weapons
 a - a +3 dagger (weapon)
 l - a -1 dagger of speed
Missiles
 m - 75 stones
Armour
 c - a +0 robe (worn)
 k - a +0 ring mail
Scrolls
 e - a scroll of noise
 g - a scroll of magic mapping {unknown}
 i - a scroll of enchant weapon {unknown}
Potions
 b - a potion of flight {unknown}
 d - a potion of curing {unknown}
 f - a potion of brilliance {unknown}
 h - a potion of degeneration {unknown}
 j - 3 potions of might {unknown}


   Skills:
 - Level 1.6 Dodging
 + Level 3.0 Stealth
 + Level 2.7 Spellcasting
 * Level 4.8 Conjurations


You had one spell level left.
You knew the following spells:

 Your Spells              Type           Power      Damage    Failure   Level
a - Magic Dart            Conj           80%        1d7       2%          1
b - Searing Ray           Conj           40%        3d4       3%          2
c - Dazzling Flash        Conj/Hex       22%        N/A       17%         3

Your spell library contained the following spells:

 Spells                   Type           Power      Damage    Failure   Level
 Gell's Gravitas          Tloc           1%         N/A       43%         3
 Lesser Beckoning         Tloc           1%         N/A       43%         3
 Teleport Other           Tloc           2%         N/A       43%         3
 Fulminant Prism          Conj/Hex       5%         3d7       50%         4
 Iskenderun's Mystic Bla  Conj/Tloc      11%        2d4       50%         4


Dungeon Overview and Level Annotations

Branches:
Dungeon (3/15)

Altars:
Sif Muna

Shops:
D:1 ?


Innate Abilities, Weirdness & Mutations

You have extremely sharp teeth.
When hurt, damage is shared between your health and your magic reserves.
Your bite disrupts and absorbs the magic of your enemies.
Potions cannot restore your health.


Message History

The orc is lightly wounded.
The orc hits you with a +0 dagger.
Casting: Magic Dart (safe; 2% risk of failure)
Confirm with . or Enter, or press ? or * to list all spells.
Aiming: Searing Ray (safe; 3% risk of failure)
Press: ? - help, Shift-Dir - straight line, f/p - orc
Aim: an orc, wielding a +0 dagger and wearing a +0 leather armour (lightly wounded, 78% to hit)
The searing ray misses the orc.
The searing ray misses the orc wizard. (Press . to maintain the ray.)
The orc completely misses you.
The searing ray misses the orc.
The searing ray hits the orc wizard.
The orc wizard is moderately wounded.
The searing ray misses the orc.
The orc wizard gestures wildly while chanting.
The orc wizard flickers and vanishes!
Deactivating autopickup; reactivate with Ctrl-A.
The orc hits you with a +0 dagger.
The searing ray hits the orc.
The orc is almost dead.
The searing ray hits something!
The searing ray hits the orc!
You kill the orc!
Sif Muna accepts your kill.
The orc shouts!
An orc comes into view. It is wielding a +0 whip.
The orc hits you but does no damage.
Without enough magic to sustain it, your searing ray dissipates.
The orc hits you with a +0 dagger.
You barely miss the orc. You bite the orc.
You kill the orc!
Sif Muna accepts your kill.
You hit something. You bite something. Something hits you.
You hit something but do no damage. Something hits you but does no damage.
You hit something. Something hits you.
You barely miss something. Something hits you.
* * * LOW HITPOINT WARNING * * *
You barely miss something. Your bite misses something.
You hear some strange, mumbled words.
A magic dart appears from out of thin air!
The magic dart hits you!
You die...

......... .. ....... ..
...... . ......# ..
.... ...#. ...#......
... .........# #.#
...#..#..#####@# #
...........#{#.# #
#..#......#o#.##.##
##.##.........#o.......
.......#......#.#.#####
#...#.....#.#.....
#...#.........###
#....#.#.#..........#
####+#.#.#..........#


You could see 2 orcs.

Vanquished Creatures
  A worm (D:2)
  A dart slug (D:1)
  2 orcs (D:3)
  4 ball pythons
  A bat (D:2)
  6 endoplasms
  3 giant cockroaches (D:1)
  4 goblins
  2 hobgoblins
  4 jackals (D:2)
  4 frilled lizards
  4 kobolds
  3 rats
39 creatures vanquished.

Notes
Turn   | Place    | Note
-------+----------+-------------------------------------------
     0 | D:1      | juan097 the Vine Stalker Conjurer began the quest for the
                  | Orb.
     0 | D:1      | Reached XP level 1. HP: 9/9 MP: 4/4
   150 | D:1      | Reached XP level 2. HP: 10/13 MP: 1/6
   312 | D:1      | Found Fobbur's Magic Scroll Boutique.
   315 | D:1      | Bought a scroll of noise for 12 gold pieces
  1234 | D:2      | Reached XP level 3. HP: 16/16 MP: 4/7
  1237 | D:2      | Learned a level 2 spell: Searing Ray
  1241 | D:2      | Learned a level 3 spell: Dazzling Flash
  1609 | D:2      | Found a faded altar of an unknown god.
  1782 | D:2      | Became a worshipper of Sif Muna the Loreminder
  1782 | D:2      | Reached * piety under Sif Muna
  2280 | D:3      | Killed from afar by an orc wizard

Illustrated notes

Levels and vault maps discovered:
D:1:      scummos_arrival_hexagon, layout_basic, serial_shops,
          nicolae_shop_behind_doors
D:2:      layout_basic, ebering_ecumenical_altar_rust
D:3:      layout_basic, overflow_temple_1_default, lemuel_old_faithful,
          uniq_terence, uniq_purgy

Skill      XL: |  1  2  3 |
---------------+----------+-----
Stealth        | 3 |  3.0
Dodging        | |  1.6
Spellcasting   | |  2.7
Conjurations   | |  4.8

Action                   || total
-------------------------++-------
Melee: Dagger            ||    23
       Bite              ||     4
 Cast: Magic Dart        ||    59
       Searing Ray       ||     2
 Stab: Distracted        ||     1
       Sleeping          ||     1
Armor: Robe              ||     4
Dodge: Dodged            ||    11

Table legend: (Time is in decaauts)
 A = Elapsed time spent in this place.
 B = Non-inter-level travel time spent in this place.
 C = Inter-level travel time spent in this place.
 D = Time resting spent in this place.
 E = Time spent auto-exploring this place.
 F = Levels seen in this place.
 G = Mean time per level.
                   A        B        C        D        E       F      G
               +--------+--------+--------+--------+--------+-----+--------+
         Total |   2279 |   2135 |    144 |      0 |   1929 |   3 |  759.7 |
       Dungeon |   2279 |   2135 |    144 |      0 |   1929 |   3 |  759.7 |
               +--------+--------+--------+--------+--------+-----+--------+

Top non-repeatable levels by time:
     D:1: 1165 daAuts
     D:2: 1036 daAuts
     D:3: 77 daAuts
